 Dungeon Crawl Stone Soup version 0.28.0-53-g5a82cb258f (webtiles) character file.

Game seed: 9147877384879201474

127 jiml777 the Digger (level 5, -2/28 HPs)
             Began as a Gargoyle Earth Elementalist on June 10, 2022.
             Slain by an orc warrior
             ... wielding a +0 mace
              (6 damage)
             ... on level 3 of the Dungeon.
             The game lasted 00:10:25 (3437 turns).

jiml777 the Digger (Gargoyle Earth Elementalist)    Turns: 3437, Time: 00:10:26

Health: -2/28      AC:  7    Str: 12    XL:     5   Next: 11%
Magic:  7/8        EV: 11    Int: 17    God:
Gold:   83         SH:  0    Dex: 10    Spells: 8/9 levels left

rFire   . . .      SeeInvis .   t - +1 mace (protect)
rCold   . . .      Faith    .   (no shield)
rNeg    + . .      Spirit   .   g - +0 leather armour
rPois   ∞          Reflect  .   (no helmet)
rElec   +          Harm     .   (no cloak)
rCorr   .          Rampage  .   (no gloves)
Will    +....                   (no boots)
Stlth   ++........              (no amulet)
HPRegen 0.09/turn               q - ring of willpower
MPRegen 0.11/turn               (no ring)

@: brilliant
A: sickness immunity, AC +4, negative energy resistance 1, electricity
resistance, torment resistance 1, petrification resistance
a: no special abilities


You were on level 3 of the Dungeon.
You visited 1 branch of the dungeon, and saw 4 of its levels.

You collected 83 gold pieces.

Inventory:

Hand Weapons
 k - a +0 fustibalus
 m - a +0 rapier
 s - a +0 hand crossbow
 t - a +1 mace of protection (weapon)
Missiles
 a - 30 bolts
 c - 69 stones
 l - 42 arrows
 u - 2 poisoned darts
Armour
 b - a +0 robe
 f - a +0 kite shield
 g - a +0 leather armour (worn)
Jewellery
 q - a ring of willpower (left hand)
Scrolls
 d - a scroll of amnesia {unknown}
 e - a scroll of teleportation {unknown}
 n - a scroll of silence {unknown}
 o - 3 scrolls of identify {unknown}
Potions
 i - a potion of curing {unknown}
 j - a potion of lignification {unknown}
 p - a potion of might {unknown}
 r - a potion of degeneration {unknown}


   Skills:
 + Level 0.9 Fighting
 + Level 1.3 Short Blades
 + Level 0.5 Maces & Flails
 + Level 1.7 Armour
 + Level 2.0 Dodging
 + Level 2.9 Stealth
 + Level 2.5 Spellcasting
 + Level 0.7 Transmutations
 + Level 4.3 Earth Magic


You had 8 spell levels left.
You knew the following spells:

 Your Spells              Type           Power      Damage    Failure   Level
a - Sandblast             Erth           50%        2d12      3%          1

Your spell library contained the following spells:

 Spells                   Type           Power      Damage    Failure   Level
 Passwall                 Tmut/Erth      13%        N/A       12%         2
 Stone Arrow              Conj/Erth      28%        3d8       28%         3
 Petrify                  Tmut/Erth      16%        N/A       63%         4


Dungeon Overview and Level Annotations

Branches:
Dungeon (4/15)
 Temple: D:4-7

Altars:
Ashenzari
Vehumet


Innate Abilities, Weirdness & Mutations

You are immune to sickness and miasma.
Your stone body is resilient. (AC +4)
You are immune to poison.
You resist negative energy. (rN+)
You are resistant to electric shocks. (rElec)
You are resistant to unholy torment.
You are immune to petrification.


Message History

You climb upwards.
There is a stone staircase leading down here.
You barely miss the orc. The orc closely misses you.
You barely miss the orc. The orc barely misses you.
You hit the orc.
Your weapon exudes an aura of protection.
The orc is severely wounded.
The orc misses you. The orc hits you but does no damage.
You hit the orc.
You kill the orc!
Things that are here:
a +0 flail; an orc corpse You start resting.
HP restored.
You start waiting.
Done waiting.
There is a stone staircase leading down here.
You climb downwards.
The orc hits you with a +1 vorpal mace. The orc warrior barely misses you.
A kobold comes into view. It is wielding a +0 short sword.
There is a stone staircase leading up here.
Casting: Sandblast (safe; 3% risk of failure)
Confirm with . or Enter, or press ? or * to list all spells.
Aiming: Sandblast (safe; 3% risk of failure)
Press: ? - help, Shift-Dir - straight line, f - orc
Aim: an orc, wielding a +1 vorpal mace (79% to hit)
The blast of sand hits the orc!
You kill the orc!
The kobold shouts!
You hear an angry hiss.
The orc warrior hits you with a +0 mace.
The kobold unwields a +0 short sword.
The kobold wields a +0 hand crossbow.
The kobold shoots a bolt.
The bolt hits you.
The orc warrior hits you with a +0 mace!
* * * LOW HITPOINT WARNING * * *
You climb upwards.
There is a stone staircase leading down here.
It was a potion of brilliance.
You feel clever all of a sudden.
The orc warrior hits you with a +0 mace.
You die...

.#.....................#.# #.....
...######...##.###.......# #.###.
.### ##.###.# #.##.#### #.# #. .#
#.# #.# #.##.# #.# #. ## #.#
#.###.##.# #.# #. ##'###........#
#.# #. ##...#####...### #.###. ##
##.....###.)...### #..... .##
##.......##@......# #####.
..####.........#o÷...(.#########.
.....+.........+.................
..####.........####....#########.
...####.......## ##.#.# #. ....#
##.....## ###.# #. ##..# ##...##
#.# #. ##..# ##'## #.# #. ##..#
#.# #.# #.


You could see an orc warrior.

Vanquished Creatures
  A water moccasin skeleton (D:4)
  2 adders
  A worm (D:3)
  2 dart slugs (D:2)
  2 orcs
  5 ball pythons
  An endoplasm (D:1)
  5 goblins (D:1)
  5 hobgoblins
  4 kobolds
  2 quokkas
  6 bats
  7 frilled lizards
  11 rats
54 creatures vanquished.

Notes
Turn   | Place    | Note
-------+----------+-------------------------------------------
     0 | D:1      | jiml777 the Gargoyle Earth Elementalist began the quest for
                  | the Orb.
     0 | D:1      | Reached XP level 1. HP: 10/10 MP: 3/3
   158 | D:1      | Reached XP level 2. HP: 15/15 MP: 3/5
   216 | D:1      | Reached skill level 4 in Earth Magic
   436 | D:1      | Found a faded altar of an unknown god.
   758 | D:1      | Reached XP level 3. HP: 19/19 MP: 6/6
  1381 | D:2      | Found a radiant altar of Vehumet.
  1946 | D:3      | Found a broken altar of Ashenzari.
  1962 | D:3      | Reached skill level 1 in Armour
  1962 | D:3      | Reached XP level 4. HP: 21/24 MP: 7/7
  3174 | D:4      | Noticed an orc warrior
  3178 | D:4      | Reached skill level 1 in Short Blades
  3178 | D:4      | Reached XP level 5. HP: 14/28 MP: 8/8
  3437 | D:3      | Slain by an orc warrior

Illustrated notes

Levels and vault maps discovered:
D:1:      giann_horns, layout_loops_ring,
          dreamdust_ecumenical_altar_angels_and_demons, minmay_tetromino_s2
D:2:      layout_basic, basic_altar
D:3:      layout_loops_corners, evilmike_ruin_ashenzari, minmay_cupped
D:4:      layout_rooms, grunt_temple_overflow_open, st_stairs_1

Skill      XL: |  1  2  3  4 |
---------------+-------------+-----
Earth Magic    | 4 |  4.3
Armour         | 1 |  1.7
Short Blades   | 1 |  1.3
Dodging        | 2 |  2.0
Fighting       | |  0.9
Maces & Flails | |  0.5
Stealth        | |  2.9
Spellcasting   | |  2.5
Transmutations | |  0.7

Action                   |  1- 3 |  4- 6 || total
-------------------------+-------+-------++-------
Melee: Unarmed           |     9 |       ||     9
       Dagger            |    55 |       ||    55
       Club              |     9 |       ||     9
       Short sword       |    23 |       ||    23
       Rapier            |    19 |    15 ||    34
       Mace              |       |    17 ||    17
 Cast: Sandblast         |    21 |     4 ||    25
  Use: Potion            |       |     1 ||     1
 Stab: Sleeping          |     4 |     1 ||     5
Armor: Robe              |     3 |       ||     3
       Leather armour    |    37 |    16 ||    53
Dodge: Dodged            |    78 |    25 ||   103
